 Dungeon Crawl Stone Soup version 0.28-a0-919-g0b5b508569 (webtiles) character file.

Game seed: 2828072377034317652

132 avis the Chopper (level 5, -3/45 HPs)
             Began as a Hill Orc Fighter on Nov 25, 2021.
             Was an Initiate of Beogh.
             Succumbed to a goblin's poison
             ... on level 3 of the Dungeon.
             The game lasted 00:09:25 (3466 turns).

avis the Chopper (Hill Orc Fighter)                 Turns: 3466, Time: 00:09:26

Health: -3/45      AC:  6    Str: 20    XL:     5   Next: 15%
Magic:  5/5        EV:  9    Int:  8    God:    Beogh [......]
Gold:   109        SH:  4    Dex: 10    Spells: 4/4 levels left

rFire   . . .      SeeInvis .   a - +0 long sword (pain)
rCold   . . .      Faith    .   c - +0 buckler
rNeg    . . .      Spirit   .   b - +0 scale mail
rPois   .          Reflect  .   (no helmet)
rElec   .          Harm     .   (no cloak)
rCorr   .          Rampage  .   (no gloves)
Will    .....                   (no boots)
Stlth   ..........              (no amulet)
HPRegen 0.15/turn               (no ring)
MPRegen 0.09/turn               (no ring)

@: lethally poisoned (-3 -> -21), attractive
A: no striking features
a: Renounce Religion


You were on level 3 of the Dungeon.
You worshipped Beogh.
Beogh was noncommittal.
You visited 1 branch of the dungeon, and saw 3 of its levels.

You collected 109 gold pieces.

Inventory:

Hand Weapons
 a - a +0 long sword of pain (weapon)
 e - a +0 dagger of freezing
 h - a +2 dagger of venom
 k - a +0 war axe
 n - a +0 hunting sling
Missiles
 i - 71 stones (quivered)
 j - 35 sling bullets
 o - 11 arrows
Armour
 b - a +0 scale mail (worn)
 c - a +0 buckler (worn)
 g - a +0 ring mail
Scrolls
 f - 4 scrolls of identify {unknown}
 l - a scroll of silence {unknown}
 m - a scroll of vulnerability {unknown}
Potions
 d - a potion of might


   Skills:
 - Level 3.6 Fighting
 * Level 1.3 Long Blades
 - Level 6.3 Axes
 - Level 3.2 Armour
 - Level 3.2 Shields
 + Level 0.7 Necromancy
 + Level 0.6 Invocations


You had 4 spell levels left.
You didn't know any spells.
Your spell library contained the following spells:

 Spells                   Type           Power      Damage    Failure   Level
 Dazzling Flash           Conj/Hex       0%         N/A       99%         3
 Agony                    Necr           1%         N/A       100%        5
 Silence                  Hex/Air        0%         N/A       100%        5


Dungeon Overview and Level Annotations

Branches:
Dungeon (3/15)

Altars:


Message History

Things that are here:
a +0 hand axe; a +0 robe A goblin comes into view.
It is wielding a +2 dagger of venom.
The goblin shouts!
You hit the goblin.
The goblin is heavily wounded.
You block the goblin's attack. The goblin hits you but does no damage.
You are poisoned.
You miss the goblin.
The goblin is heavily wounded.
You feel very sick. The goblin hits you but does no damage.
You are more poisoned.
You closely miss the goblin.
The goblin is heavily wounded.
You feel very sick.
The goblin hits you with a +2 dagger of venom.
You are more poisoned.
You closely miss the goblin.
The goblin is heavily wounded.
You feel extremely sick.
The goblin hits you with a +2 dagger of venom.
You are lethally poisoned!
The goblin hits you with a +2 dagger of venom.
You are more poisoned.
You hit the goblin.
You kill the goblin!
Beogh accepts your kill.
* * * LOW HITPOINT WARNING * * *
You feel extremely sick.
There is a lethal amount of poison in your body!
It was a potion of attraction.
You feel attractive to monsters.
* * * LOW HITPOINT WARNING * * *
You feel extremely sick.
* * * LOW HITPOINT WARNING * * *
You feel very sick.
You see here a +2 dagger of venom.
h - a +2 dagger of venom You die...

#.#.# ##....# #
### ##.....## ..#
##.......## #.#
#.........## #.#
#........... #.#
#.........## #.#
#........# #
#@#####.#.....####
#.......##.)..###.
###########.#.....
#.#####. #.# ##
#.# # #.######
#....[.. ########


There were no monsters in sight!

Vanquished Creatures
  An orc priest (D:2)
  3 gnolls (D:2)
  3 adders (D:2)
  2 worms (D:2)
  An orc (D:3)
  4 ball pythons
  3 endoplasms
  A giant cockroach (D:2)
  12 goblins
  6 hobgoblins
  8 jackals (D:3)
  3 kobolds (D:1)
  2 quokkas
  5 bats
  A frilled lizard (D:1)
  4 rats
59 creatures vanquished.

Vanquished Creatures (others)
  An orc wizard (D:2)
  3 orcs (D:2)
4 creatures vanquished.

Grand Total: 63 creatures vanquished

Notes
Turn   | Place    | Note
-------+----------+-------------------------------------------
     0 | D:1      | avis the Hill Orc Fighter began the quest for the Orb.
     0 | D:1      | Reached XP level 1. HP: 19/19 MP: 1/1
    80 | D:1      | Reached skill level 3 in Axes
   196 | D:1      | Reached XP level 2. HP: 24/26 MP: 2/2
   302 | D:1      | Reached skill level 4 in Axes
  1029 | D:2      | Reached XP level 3. HP: 30/31 MP: 3/3
  1212 | D:2      | Reached skill level 5 in Axes
  1523 | D:2      | Became a worshipper of Beogh the Brigand
  1531 | D:2      | HP: 1/31 [orc wizard/puff of flame (6)]
  1778 | D:2      | Reached XP level 4. HP: 11/39 MP: 4/4
  1912 | D:2      | Reached skill level 6 in Axes
  2750 | D:2      | Found a faded altar of an unknown god.
  3189 | D:3      | Reached skill level 1 in Long Blades
  3199 | D:3      | Reached XP level 5. HP: 44/45 MP: 5/5
  3465 | D:3      | HP: 1/45 [poisoned by a goblin]
  3466 | D:3      | Succumbed to a goblin's poison

Illustrated notes

Levels and vault maps discovered:
D:1:      erik_arrival_cave_to_civilisation [erik_arrival_cave_to_hall],
          layout_loops_ring
D:2:      cheibrodos_pilgrimage, layout_rooms, serial_co_window_serial,
          co_window_of_opportunity_a, co_window_paths_b,
          co_window_of_opportunity_a, co_window_of_opportunity_a,
          co_window_paths_a, co_window_corner_a, co_window_unsneaky_path_d,
          co_window_broadway_a, co_window_unsneaky_path_a, glass_columns_a,
          glass_columns_c, glass_columns_a, glass_columns_c, glass_columns_a,
          shapermc_ecumenical_altar_notcrosses, minivault_5
D:3:      layout_loops_ring

Skill      XL: |  1  2  3  4 |
---------------+-------------+-----
Axes           | 3 4 5 6 |  6.3
Long Blades    | 1 |  1.3
Fighting       | |  3.6
Armour         | |  3.2
Shields        | |  3.2
Necromancy     | |  0.7
Invocations    | |  0.6

Action                   |  1- 3 |  4- 6 || total
-------------------------+-------+-------++-------
Melee: War axe           |   109 |    22 ||   131
       Long sword        |       |    82 ||    82
Invok: Convert to Beogh  |     1 |       ||     1
  Use: Potion            |     2 |     1 ||     3
Armor: Scale mail        |    41 |    44 ||    85
Dodge: Dodged            |    51 |    45 ||    96
Block: Buckler           |    20 |    23 ||    43

Table legend: (Time is in decaauts)
 A = Elapsed time spent in this place.
 B = Non-inter-level travel time spent in this place.
 C = Inter-level travel time spent in this place.
 D = Time resting spent in this place.
 E = Time spent auto-exploring this place.
 F = Levels seen in this place.
 G = Mean time per level.
                   A        B        C        D        E       F      G
               +--------+--------+--------+--------+--------+-----+--------+
         Total |   3536 |   3434 |    102 |   1108 |   1705 |   3 | 1178.7 |
       Dungeon |   3536 |   3434 |    102 |   1108 |   1705 |   3 | 1178.7 |
               +--------+--------+--------+--------+--------+-----+--------+

Top non-repeatable levels by time:
     D:2: 2090 daAuts
     D:1: 1045 daAuts
     D:3: 399 daAuts
